AoeStats
← MZTK | GaboxNet .i.

Four Lakes

508338773Analyzed
1v1 RM · 11d ago on Sep 22, 2026· 32m 40s· 2 players
Game mode
Random Map
Map size
Tiny (2 player)
Population
200
Speed
Normal
Resources
Standard
Victory
Conquest
Starting age
Dark Age
Ending age
Imperial Age
RankedLock teamsTeams togetherTeam positionsShared explorationLock speedFull tech treeHidden civsTurbo modeCheats
Victory
Defeat
🇲🇽 Malians · Mexico
1218
+14
🇺🇸 Japanese · United States
1170
-14
twobeerjeff
7:58 Loom
11:27 Feudal Age
16:56 Castle Age
26:55 Wheelbarrow
MZTK | GaboxNet .i.
10:14 Feudal Age
10:19 Man-at-Arms
10:52 Loom
11:34 Arson
13:22 Double-Bit Axe
16:29 Fishing Lines
19:06 Fletching
23:51 Castle Age
24:30 Bloodlines
25:15 Bodkin Arrow
27:19 Gold Mining
27:41 Bow Saw
28:01 Scale Barding Armor
31:41 Chain Barding Armor
31:32 Forging
Connection lost

Rejoining the realm…

Still unreachable

The connection could not be restored.

Session expired

The server has moved on; the page needs a fresh start.